 Dungeon Crawl Stone Soup version 0.30-a0-883-g5ad918d77d (webtiles) character file.

Game seed: 3581017801604816710

1332 112233 the Thaumaturge (level 8, -21/54 HPs)
             Began as a Demonspawn Necromancer on Mar 15, 2023.
             Was a Believer of Makhleb.
             Demolished by a spriggan defender simulacrum (38 damage)
             ... on level 1 of the Abyss.
             The game lasted 00:06:10 (5853 turns).

112233 the Thaumaturge (Demonspawn Necromancer)     Turns: 5853, Time: 00:06:11

Health: -21/54     AC:  4    Str:  8    XL:     8   Next: 34%
Magic:  20/20      EV: 12    Int: 20    God:    Makhleb [**....]
Gold:   344        SH:  0    Dex: 13    Spells: 16/24 levels left

rFire   . . .      SeeInvis +    x - +0 lajatang
rCold   . . .      Faith    .    (shield currently unavailable)
rNeg    . . .      Spirit   .    a - +0 robe
rPois   .          Reflect  .    (no helmet)
rElec   .          Rampage  .    (no cloak)
rCorr   .                        (no gloves)
Will    .....                    (no boots)
Stlth   ++                       (no amulet)
HPRegen 0.29/turn                A - ring of see invisible
MPRegen 0.17/turn                (no ring)

@: studying Maces & Flails
A: hooves 1, molten scales 1, powered by death 1, demonic magic 2
a: Renounce Religion, Minor Destruction


You were on level 1 of the Abyss.
You worshipped Makhleb.
Makhleb was pleased with you.
You visited 1 branch of the dungeon, and saw 7 of its levels.
You visited the Abyss 1 time.

You collected 374 gold pieces.
You spent 30 gold pieces at shops.

Inventory:

Hand Weapons
 f - a +0 morningstar
 x - a +0 lajatang (weapon)
Missiles
 i - a throwing net
Armour
 a - a +0 robe (worn)
 t - an orb of light
Jewellery
 A - a ring of see invisible (left hand)
Wands
 u - a wand of paralysis (8)
 z - a wand of iceblast (5)
Scrolls
 e - a scroll of blinking {unknown}
 g - 2 scrolls of teleportation {unknown}
 h - 6 scrolls of identify {unknown}
 j - 2 scrolls of fear {unknown}
 l - 4 scrolls of amnesia {unknown}
 m - 3 scrolls of enchant armour {unknown}
 n - 3 scrolls of vulnerability {unknown}
 q - a scroll of enchant weapon {unknown}
 w - a scroll of fog {unknown}
 y - a scroll of poison {unknown}
Potions
 b - a potion of magic
 c - 3 potions of degeneration {unknown}
 d - 2 potions of heal wounds {unknown}
 k - a potion of attraction {unknown}
 o - a potion of lignification
 p - 2 potions of haste {unknown}
 r - a potion of mutation {unknown}
 s - a potion of flight {unknown}
 v - 2 potions of curing {unknown}


   Skills:
 + Level 1.5 Fighting
 + Level 2.6 Dodging
 - Level 2.0 Stealth
 + Level 8.7 Spellcasting
 * Level 5.4 Necromancy


You had 16 spell levels left.
You knew the following spells:

 Your Spells              Type           Power      Damage    Failure   Level
a - Necrotise             Necr           100%       1d9       1%          1
b - Vampiric Draining     Necr           30%        2d8       2%          3
c - Animate Dead          Necr           30%        N/A       9%          4

Your spell library contained the following spells:

 Spells                   Type           Power      Damage    Failure   Level
 Shock                    Conj/Air       32%        1d5       8%          1
 Swiftness                Air            8%         N/A       24%         3
 Agony                    Necr           30%        N/A       24%         5
 Airstrike                Air            4%         2d(1-17)  61%         4


Dungeon Overview and Level Annotations

Branches:
Dungeon (7/15)             Temple (0/1) D:5

Altars:
Makhleb
Okawaru
Trog

Shops:
D:3 !   D:5 :

Annotations:
D:4 2 transporters, What's ghost, amateur HuTm
D:7 exclusion: upstairs


Innate Abilities, Weirdness & Mutations

You have large cloven feet.
You are partially covered in molten scales. (AC +2)
You regenerate a little health from kills.
Spells you cast may paralyse nearby enemies.


Message History

You hit the wight.
The wight is heavily damaged.
The wight barely misses you.
The wight hits you with a +0 mace of distortion.
You are cast into the Abyss!
This branch contains the abyssal rune of Zot.
Found a corrupted altar of Lugonu.
There is a corrupted altar of Lugonu here.
Unknown command.
Press < or > to pray at altars.
HP restored.
Found a corrupted altar of Lugonu.
Unknown command.
There is a corrupted altar of Lugonu here.
There is a corrupted altar of Lugonu here.
A spriggan defender simulacrum comes into view.
A spriggan defender simulacrum is nearby!
There is a corrupted altar of Lugonu here.
Unknown command.
Okay, then.
Aiming: Iceblast
Press: ? - help, Shift-Dir - straight line, f - spriggan defender simulacrum
Aim: a spriggan defender simulacrum
Okay, then.
Aiming: Paralyse
Press: ? - help, Shift-Dir - straight line, f - spriggan defender simulacrum
Aim: a spriggan defender simulacrum (chance to affect: 49%)
The spriggan defender simulacrum resists with some effort.
The spriggan defender simulacrum hits you!
The spriggan defender simulacrum freezes you!
Unknown command.
Aiming: Paralyse
Press: ? - help, Shift-Dir - straight line, f/p - spriggan defender simulacrum
Aim: a spriggan defender simulacrum (chance to affect: 49%)
The spriggan defender simulacrum resists with some effort.
The spriggan defender simulacrum closely misses you.
The spriggan defender simulacrum hits you!
The spriggan defender simulacrum freezes you!!!
Ouch! That really hurt!
You die...

..#. #.. ##. ..
.#... .. #. ## # ...
# . . .. ###.....#
#####.#. #...#..
..#.#. # ##.....#
####.... ......##.#
.#.#.#. .. ..#
.#..### . .... ##.##
#@..# .... . #..
##.#Z..#
..#.#.###..##._###.#
. ..# ...#.#..##. ..
....##. #.##
.##Z......# .#
#....#. #..##...###
## #..#.......##
#..... ##..#.###.# .
### .....# ... #..


You could see a spriggan defender simulacrum.

Vanquished Creatures
  6 black bears
  An ogre (D:5)
  A scorpion (D:5)
  2 wights (D:6)
  3 hounds
  2 jellies
  A sleepcap (D:5)
  2 orc wizards (D:4)
  9 gnolls
  10 adders
  2 shadow imps
  A white imp (D:5)
  2 worms
  A dart slug (D:4)
  7 orcs
  7 bats
  8 endoplasms
  3 giant cockroaches
  5 goblins
  11 hobgoblins
  4 jackals
  3 quokkas
  7 ball pythons
  3 frilled lizards (D:1)
  5 kobolds
  4 rats
110 creatures vanquished.

Vanquished Creatures (collateral kills)
  A gnoll (D:3)
1 creature vanquished.

Vanquished Creatures (others)
  3 orc zombies (D:6)
3 creatures vanquished.

Grand Total: 114 creatures vanquished

Notes
Turn   | Place    | Note
-------+----------+-------------------------------------------
     0 | D:1      | 112233 the Demonspawn Necromancer began the quest for the
                  | Orb.
     0 | D:1      | Reached XP level 1. HP: 13/13 MP: 3/3
   404 | D:1      | Gained mutation: You are partially covered in molten
                  | scales. (AC +2) [demonic ancestry]
   404 | D:1      | Reached XP level 2. HP: 16/19 MP: 5/5
  1253 | D:2      | Reached skill level 3 in Spellcasting
  1253 | D:2      | Gained mutation: Spells you cast may paralyse adjacent
                  | enemies. [demonic ancestry]
  1253 | D:2      | Reached XP level 3. HP: 24/24 MP: 0/7
  1257 | D:2      | Learned a level 3 spell: Vampiric Draining
  1850 | D:2      | Gained mutation: You have large cloven feet. [demonic
                  | ancestry]
  1850 | D:2      | Reached XP level 4. HP: 30/30 MP: 4/9
  2141 | D:3      | Found a faded altar of an unknown god.
  2152 | D:3      | Reached skill level 4 in Spellcasting
  2318 | D:3      | Prayed at the altar of an unknown god.
  2318 | D:3      | Became a worshipper of Makhleb the Destroyer
  2318 | D:3      | Reached * piety under Makhleb
  2477 | D:3      | Found Amnora's Distillery.
  2504 | D:3      | Bought a potion of lignification for 30 gold pieces
  2569 | D:3      | Gained mutation: Spells you cast may paralyse nearby
                  | enemies. [demonic ancestry]
  2569 | D:3      | Reached XP level 5. HP: 28/35 MP: 5/11
  2936 | D:4      | Noticed a black bear
  2950 | D:4      | Killed a black bear
  2951 | D:4      | Reached skill level 5 in Spellcasting
  2951 | D:4      | Reached XP level 6. HP: 24/41 MP: 0/14
  3052 | D:4      | Noticed What's ghost (amateur HuTm)
  3134 | D:4      | Reached ** piety under Makhleb
  3261 | D:4      | Found a transporter.
  3287 | D:4      | Reached skill level 6 in Spellcasting
  3413 | D:4      | Found a transporter.
  3889 | D:5      | Entered Level 5 of the Dungeon
  3914 | D:5      | Gained mutation: You regenerate a little health from kills.
                  | [demonic ancestry]
  3914 | D:5      | Reached XP level 7. HP: 46/46 MP: 7/17
  3923 | D:5      | Reached skill level 7 in Spellcasting
  4025 | D:5      | Found Wiecuare's Vocational Training.
  4063 | D:5      | Found a bloodstained altar of Trog.
  4272 | D:5      | Reached skill level 8 in Spellcasting
  4691 | D:5      | Found a staircase to the Ecumenical Temple.
  4835 | D:3      | Reached XP level 8. HP: 42/52 MP: 12/20
  5291 | D:4      | Learned a level 4 spell: Animate Dead
  5508 | D:6      | Found an iron altar of Okawaru.
  5527 | D:6      | Reached skill level 5 in Necromancy
  5528 | D:6      | Reached skill level 1 in Fighting
  5812 | Abyss:1  | Found a corrupted altar of Lugonu.
  5812 | Abyss:1  | Cast into level 1 of the Abyss (wight)
  5842 | Abyss:1  | Found a corrupted altar of Lugonu.
  5848 | Abyss:1  | Noticed a spriggan defender simulacrum
  5853 | Abyss:1  | Demolished by a spriggan defender simulacrum

Illustrated notes

Levels and vault maps discovered:
D:1:      amcnicky_arrival_abandoned_market, layout_basic
D:2:      layout_rooms
D:3:      layout_loops_ring, nicolae_ecumenical_pavilion, serial_shops,
          shop_statue
D:4:      layout_basic, gammafunk_ghost_stat_death, minmay_manual_mail
D:5:      layout_rooms, trog_ov_bears_minmay,
          minmay_temple_entry_enclosed_plants, nicolae_shop_vocational
D:6:      layout_basic, lemuel_tele_altar, ebering_ghost_disaster_area
D:7:      corexii_shack_village, layout_basic, general_overflow_altar,
          lemuel_coloured_pillars_altar, kennysheep_orc_sif_temple,
          hellmonk_ghost_happy_afterlife
Abyss:1:  base: D:2, hangedman_decor_peaks_small, evilmike_abyss_exit_kraken

Skill      XL: |  1  2  3  4  5  6  7  8 |
---------------+-------------------------+-----
Dodging        | 2 |  2.6
Stealth        | 2 |  2.0
Spellcasting   | 3 4 5 6 8 |  8.7
Necromancy     | 5 |  5.4
Fighting       | 1 |  1.5

Action                     |  1- 3 |  4- 6 |  7- 9 || total
---------------------------+-------+-------+-------++-------
  Melee: Morningstar       |    27 |    30 |    22 ||    79
         Kick              |       |     9 |    20 ||    29
         Lajatang          |       |       |    41 ||    41
   Cast: Necrotise         |    58 |   103 |    21 ||   182
         Vampiric Draining |       |     6 |    22 ||    28
         Animate Dead      |       |       |     1 ||     1
  Evoke: Wand              |       |       |     6 ||     6
   Stab: Sleeping          |     1 |     1 |       ||     2
         Paralysed         |       |     4 |     4 ||     8
 Armour: Robe              |    18 |    29 |    27 ||    74
  Dodge: Dodged            |    44 |    43 |    91 ||   178

Table legend: (Time is in decaauts)
 A = Elapsed time spent in this place.
 B = Non-inter-level travel time spent in this place.
 C = Inter-level travel time spent in this place.
 D = Time resting spent in this place.
 E = Time spent auto-exploring this place.
 F = Levels seen in this place.
 G = Mean time per level.
                   A        B        C        D        E       F      G
               +--------+--------+--------+--------+--------+-----+--------+
         Total |   5908 |   5627 |    281 |    734 |   4047 |   8 |  738.5 |
       Dungeon |   5867 |   5586 |    281 |    734 |   4016 |   7 |  838.1 |
         Abyss |     41 |     41 |      0 |      0 |     31 |   1 |   41.0 |
               +--------+--------+--------+--------+--------+-----+--------+

Top non-repeatable levels by time:
     D:1: 1466 daAuts
     D:3: 1230 daAuts
     D:4: 1071 daAuts
     D:5: 899 daAuts
     D:2: 688 daAuts
     D:6: 468 daAuts
     D:7: 41 daAuts
 Abyss:1: 41 daAuts
